 Dungeon Crawl Stone Soup version 0.23-a0-650-ga4d50d4 (webtiles) character file.

175 4thArraOfDagon the Cudgeler (level 5, -3/38 HPs)
             Began as a Mummy Warper on Jan 2, 2019.
             Was a Follower of Yredelemnul.
             Killed from afar by an orc wizard (4 damage)
             ... with a magic dart
             ... on level 3 of the Dungeon.
             The game lasted 00:04:52 (2659 turns).

4thArraOfDagon the Cudgeler (Mummy Warper)          Turns: 2659, Time: 00:04:53

Health: -3/38      AC:  5    Str: 14    XL:     5   Next: 29%
Magic:  9/9        EV: 11    Int: 13    God:    Yredelemnul [*.....]
Gold:   133        SH:  0    Dex: 12    Spells: 9/9 levels left

rFire    x . .     SeeInvis .   f - +0 flail
rCold    + . .     Gourm    .   (no shield)
rNeg     + + +     Faith    .   c - +0 ring mail
rPois    ∞         Spirit   .   (no helmet)
rElec    .         Reflect  .   (no cloak)
rCorr    +         Harm     .   (no gloves)
MR       .....                  (no boots)
Stlth    +.........             (no amulet)
HPRegen  0.12/turn              (no ring)
MPRegen  0.11/turn              h - ring of resist corrosion

@: no status effects
A: no food or potions, fire vulnerability, cold resistance 1, negative energy
resistance 3, torment resistance, unbreathing
a: Animate Remains, Renounce Religion


You were on level 3 of the Dungeon.
You worshipped Yredelemnul.
Yredelemnul was aware of your devotion.
You were not hungry.

You visited 1 branch of the dungeon, and saw 4 of its levels.

You collected 133 gold pieces.

Inventory:

Hand Weapons
 a - a +0 mace
 f - a +0 flail (weapon)
Missiles
 e - 4 tomahawks of dispersal (quivered)
Armour
 b - a +0 leather armour
 c - a +0 ring mail (worn)
Jewellery
 h - a ring of resist corrosion (right hand)
Scrolls
 d - 2 scrolls of blinking
 g - 3 scrolls of identify


   Skills:
 - Level 2.0 Fighting
 - Level 4.0 Maces & Flails
 - Level 0.7 Throwing
 - Level 0.7 Armour
 - Level 1.5 Dodging
 - Level 2.6 Spellcasting
   Level 2.4 Translocations
 + Level 2.1 Invocations


You had 9 spell levels left.
You didn't know any spells.
Your spell library contained the following spells:

 Spells                   Type           Power        Failure   Level  Hunger
 Blink                    Tloc           N/A          26%         2    N/A
 Shroud of Golubria       Chrm/Tloc      #.........   41%         2    N/A
 Gell's Gravitas          Tloc           #.........   47%         3    N/A
 Lesser Beckoning         Tloc           #.........   47%         3    N/A
 Teleport Other           Tloc           #.......     47%         3    N/A
 Passage of Golubria      Tloc           N/A          87%         4    N/A

Dungeon Overview and Level Annotations

Branches:
Dungeon (4/15)
 Temple: D:4-7

Altars:
Dithmenos
Makhleb
Sif Muna
Yredelemnul
Zin

Annotations:
D:2 Sigmund
D:3 exclusion: upstairs


Innate Abilities, Weirdness & Mutations

You do not eat or drink.
Your flesh is vulnerable to fire.
You are immune to poison.
Your flesh is cold resistant. (rC+)
You are immune to negative energy. (rN+++)
You are immune to unholy pain and torment.
You can survive without breathing.


Message History

Something hits you but does no damage.
Unknown command.
You miss something. Something completely misses you.
Unknown command.
Throwing (i - inventory)
e - 5 tomahawks of dispersal (quivered)
Press: ? - help, Shift-Dir - straight line, f - quokka
Aim: a quokka You throw a tomahawk of dispersal.
The tomahawk of dispersal hits the quokka!
The quokka blinks!
Yredelemnul accepts your kill.
You feel a bit more experienced. Something hits you.
* * * LOW HITPOINT WARNING * * *
Unknown command.
Your ring mail prevents you from hitting something.
You hear some strange, mumbled words.
A magic dart appears from out of thin air!
The magic dart hits you!
You die...
Yredelemnul claims you as an undead slave.

##################
..............§{@#
###.##########.###
#.# #.# #.# #.#
#.# ####.# #.#
#....###### #.#
#.###.....# #.#
#.#<#.###.# ###.#
#.#)#.# #.#


There were no monsters in sight!

Vanquished Creatures
  A hound (D:3)
  A centaur skeleton (D:4)
  Natasha (D:3)
  2 adders
  A worm (D:3)
  2 dart slugs (D:3)
  2 leopard geckos
  5 orcs (D:3)
  3 giant cockroaches
  7 goblins
  7 hobgoblins
  7 jackals
  7 kobolds
  A quokka (D:3)
  A ball python (D:2)
  A ball python skeleton (D:4)
  3 bats
  6 frilled lizards
  3 rats
61 creatures vanquished.

Notes
Turn   | Place    | Note
-------+----------+-------------------------------------------
     0 | D:1      | 4thArraOfDagon the Mummy Warper began the quest for the
                  | Orb.
     0 | D:1      | Reached XP level 1. HP: 16/16 MP: 4/4
   240 | D:2      | Reached skill level 2 in Maces & Flails
   396 | D:3      | Reached XP level 2. HP: 22/22 MP: 5/5
   578 | D:3      | Found a deep blue altar of Sif Muna.
   578 | D:3      | Found a basalt altar of Yredelemnul.
   582 | D:3      | Became a worshipper of Yredelemnul the Dark
   697 | D:4      | Found a shadowy altar of Dithmenos.
   739 | D:4      | Found a glowing silver altar of Zin.
   779 | D:3      | Reached XP level 3. HP: 11/27 MP: 7/7
   801 | D:2      | Noticed Natasha
  1085 | D:3      | Reached skill level 3 in Maces & Flails
  1085 | D:3      | Reached skill level 1 in Invocations
  1085 | D:3      | Reached XP level 4. HP: 16/33 MP: 8/8
  1245 | D:3      | Found a faded altar of an unknown god.
  1346 | D:2      | Noticed Sigmund
  1482 | D:3      | Killed Natasha
  1517 | D:2      | Found a burning altar of Makhleb.
  1602 | D:2      | Reached * piety under Yredelemnul
  2349 | D:2      | Reached XP level 5. HP: 36/38 MP: 9/9
  2644 | D:4      | Reached skill level 4 in Maces & Flails
  2658 | D:3      | HP: 1/38 [something (1)]
  2659 | D:3      | Killed from afar by an orc wizard

Vault maps used:
D:1:      dpeg_arrival_simpleton_c
D:2:      lemuel_crystal_altar, minmay_misc_feat_cross, uniq_natasha,
          uniq_sigmund
D:3:      gammafunk_temple_overflow_wave, chequers_ecumenical_altar_grove
D:4:      grunt_dithmenos_smoke_and_mirrors, zin_statuary, temple_green,
          first_ration

Skill      XL: |  1  2  3  4  5 |
---------------+----------------+-----
Maces & Flails | 2 3 4 |  4.0
Invocations    | 1 2 |  2.1
Fighting       | |  2.0
Throwing       | |  0.7
Armour         | |  0.7
Dodging        | |  1.5
Spellcasting   | |  2.6
Translocations | |  2.4

Action                   |  1- 3 |  4- 6 || total
-------------------------+-------+-------++-------
Melee: Mace              |    78 |   116 ||   194
       Flail             |       |    23 ||    23
Throw: Tomahawk          |       |     1 ||     1
  Use: Scroll            |     2 |     3 ||     5
 Stab: Sleeping          |     1 |       ||     1
Armor: Leather armour    |     8 |       ||     8
       Ring mail         |    18 |    51 ||    69
Dodge: Dodged            |    54 |   102 ||   156

Table legend:
 A = Non-vault XP
 B = Vault XP
 C = Vault XP percentage of total XP
 D = Non-vault monster count
 E = Vault monster count
 F = Vault count percentage of total count
                 A         B        C        D         E       F
            +---------+---------+-------+---------+---------+-------
      Total |     215 |      35 |  14.0 |      60 |       1 |   1.6
            +---------+---------+-------+---------+---------+-------
        D:1 |      19 |       0 |   0.0 |      10 |       0 |   0.0
        D:2 |      27 |       0 |   0.0 |      17 |       0 |   0.0
        D:3 |     118 |      35 |  22.9 |      30 |       1 |   3.2
        D:4 |      51 |       0 |   0.0 |       3 |       0 |   0.0
            +---------+---------+-------+---------+---------+-------
